 Dungeon Crawl Stone Soup version 0.31.0-32-g396128a36d (webtiles) character file.

Game seed: 16584957293078073683

52 BigDaddyOpFi the Trooper (level 3, -3/30 HPs)
             Began as a Barachi Chaos Knight on Mar 25, 2024.
             Was a Plaything of Xom.
             Slain by Jessica
             ... wielding a +1 dagger of speed
              (7 damage)
             ... on level 2 of the Dungeon.
             The game lasted 00:01:28 (823 turns).

BigDaddyOpFi the Trooper (Barachi Chaos Knight)      Turns: 823, Time: 00:01:29

Health: -3/30      AC: 11    Str: 13    XL:     3   Next: 85%
Magic:  3/3        EV:  4    Int: 12    God:    Xom [..*...]
Gold:   54         SH:  0    Dex: 13    Spells: 2/2 levels left

rFire   + . .        i - +0 shortbow
rCold   . . .        (shield currently unavailable)
rNeg    . . .        e - +0 plate armour
rPois   .            (no helmet)
rElec   .            (no cloak)
rCorr   .            (no gloves)
SInv    .            (no boots)
Will    .....        (no amulet) Stlth
                     l - ring of protection from fire
HPRegen 0.25/turn    (no ring)
MPRegen 0.08/turn

%: no passive effects
@: unable to hop, slowed, very slow
A: amphibious, slowness 1, strong legs 1, +LOS
a: Hop, Renounce Religion


You were on level 2 of the Dungeon.
You worshipped Xom.
You were a toy of Xom.
You visited 1 branch of the dungeon, and saw 2 of its levels.

You collected 54 gold pieces.

Inventory:

Hand Weapons
 a - a +0 falchion of chaos
 i - a +0 shortbow (weapon)
Armour
 b - a +2 leather armour
 e - a +0 plate armour (worn)
Jewellery
 l - a ring of protection from fire (left hand)
Scrolls
 c - a scroll of butterflies
 d - a scroll of acquirement {unknown}
 f - 2 scrolls of identify {unknown}
 j - 2 scrolls of vulnerability {unknown}
 k - a scroll of amnesia {unknown}
Potions
 g - a potion of curing {unknown}
 h - 2 potions of lignification {unknown}


   Skills:
 + Level 4.1 Fighting
 + Level 4.1 Long Blades
 + Level 1.0 Ranged Weapons
 + Level 3.1 Armour
 + Level 2.0 Dodging


You had 2 spell levels left.
You didn't know any spells.
Your spell library was empty.

Dungeon Overview and Level Annotations

Branches:
Dungeon (2/15)

Altars:

Shops:
D:2 ?

Annotations:
D:2 Jessica


Innate Abilities, Weirdness & Mutations

You are amphibious.
You cover ground slowly.
You can hop short distances.
You have an extended range of vision and can be seen from far away.


Message History

You see here a jackal corpse.
Things that are here:
a +0 club; a jackal corpse; a kobold corpse You hit Jessica but do no damage.
Jessica completely misses you.
Jessica hits you with a +1 dagger of speed.
You hit Jessica.
Jessica seems to grow stronger.
Jessica is heavily wounded.
Jessica hits you but does no damage.
Jessica hits you with a +1 dagger of speed.
You hit Jessica but do no damage.
Jessica is heavily wounded.
Jessica gestures wildly.
Jessica mumbles some strange words.
Jessica blinks!
Jessica casts a spell at you.
You feel yourself slow down.
You see here a scroll labelled YPRYPS KARIGORR.
You closely miss Jessica.
Jessica is heavily wounded.
Jessica hits you with a +1 dagger of speed.
Jessica gestures at you while chanting. Pain shoots through your body!
* * * LOW HITPOINT WARNING * * *
Jessica hits you but does no damage.
You are too injured to fight recklessly!
Okay, then.
Hop to where?
Press: ? - help, Dir - move target Boing!
i - a +0 shortbow (weapon)
Fire: i) +0 shortbow
Press: ? - help, Q - select action, (/) - cycle Shift-Dir - straight line, f - Jessica
Aim: Jessica, wielding a +1 dagger of speed and wearing a +0 robe (heavily wounded, fast, strong, 59% to hit)
You shoot an arrow.
The arrow hits Jessica but does no damage.
Jessica is heavily wounded.
Jessica shouts, "I don't like beings like you!"
Jessica hits you with a +1 dagger of speed!
You die...
Xom chuckles heartily!

#...##..#...#####†#.
................<#.
...##.#...####†##.
#..##.##.......... #
#..##.########.##.
#.##..##.# #.##.
#..>.....## #.##. #
#..#...## #.##.
#.##@.†#.#.######....
#...@†...............
#.##.)##.....#######.
# #..#####..........
###### #.†.#
#.##########
.......##)†#.#.# #
#....°..##.#
#.#####.#### ..#


You could see Jessica (fast, strong).

Vanquished Creatures
  An adder (D:2)
  4 dart slugs (D:1)
  A ball python (D:2)
  2 endoplasms (D:1)
  5 goblins
  2 hobgoblins (D:2)
  4 jackals (D:2)
  3 kobolds
  2 quokkas
  3 bats
  A frilled lizard (D:1)
  3 rats
31 creatures vanquished.

Notes
Turn   | Place    | Note
-------+----------+-------------------------------------------
     0 | D:1      | BigDaddyOpFi the Barachi Chaos Knight began the quest for
                  | the Orb.
     0 | D:1      | Reached XP level 1. HP: 18/18 MP: 1/1
   140 | D:1      | Reached XP level 2. HP: 25/25 MP: 2/2
   213 | D:1      | XOM: silly message
   505 | D:1      | Reached XP level 3. HP: 30/30 MP: 3/3
   715 | D:2      | Found Ceepted's Magic Scroll Shoppe.
   803 | D:2      | Noticed Jessica
   811 | D:2      | Reached skill level 1 in Ranged Weapons
   823 | D:2      | Slain by Jessica

Illustrated notes

Levels and vault maps discovered:
D:1:      amcnicky_arrival_double_pillar, layout_loops_cross
D:2:      layout_loops_ring, serial_shops, shop, uniq_natasha, uniq_jessica,
          uniq_terence

Skill      XL: |  1  2  3 |
---------------+----------+-----
Fighting       | 4 |  4.1
Long Blades    | 4 |  4.1
Armour         | 3 |  3.1
Dodging        | 2 |  2.0
Ranged Weapons | 1 |  1.0

Action                     || total
---------------------------++-------
  Melee: Falchion          ||    93
   Fire: Shortbow          ||     1
Ability: Hop               ||     1
   Stab: Paralysed         ||     1
 Armour: Plate armour      ||   104
         Leather armour    ||     4
         Skin              ||     1
  Dodge: Dodged            ||    31
